 Dungeon Sprint DCSS version 0.22.1-1-ga44c0e56f4 (webtiles) character file.

1745 MuseOD the Unseen (level 8, -4/46 HPs)
             Began as a Spriggan Enchanter on Sept 26, 2018.
             Was a Believer of Dithmenos.
             Slain by a hornet (14 damage)
             ... in the Dungeon (Sprint II: "The Violet Keep of Menkaure").
             The game lasted 00:01:08 (105 turns).

MuseOD the Unseen (Spriggan Enchanter)               Turns: 105, Time: 00:01:08

Health: -4/46      AC:  2    Str:  4    XL:     8   Next: 77%
Magic:  15/20      EV: 18    Int: 18    God:    Dithmenos [**....]
Gold:   405        SH:  0    Dex: 17    Spells: 16/22 levels left

rFire    . . .     SeeInvis +   a - +1 dagger
rCold    . . .     Gourm    .   (shield restricted)
rNeg     . . .     Faith    .   b - +0 robe
rPois    .         Spirit   .   (helmet restricted)
rElec    .         Reflect  .   (no cloak)
rCorr    .         Harm     .   (gloves unavailable)
MR       +....     NoTele   +   (boots unavailable)
Stlth    ++++++++..             (no amulet)
HPRegen  0.15/turn              (no ring)
MPRegen  0.17/turn              (no ring)

@: very slightly contaminated, slowed, wreathed by umbra, quick
A: very small, unfitting armour, see invisible, herbivore, speed 3, slow
metabolism 2
a: Shadow Step, Renounce Religion


You were in the Dungeon.
You worshipped Dithmenos.
Dithmenos was pleased with you.
You were not hungry.

You visited 1 branch You collected 405 gold pieces.

Inventory:

Hand Weapons
 a - a +1 dagger (weapon)
Armour
 b - a +0 robe (worn)
Scrolls
 j - a scroll of blinking
Potions
 f - a potion of heal wounds
 g - a potion of haste
 h - a potion of magic
 i - a potion of berserk rage
Comestibles
 d - a ration


   Skills:
 - Level 7.0 Fighting
 - Level 12.7 Short Blades
 - Level 3.0 Dodging
 + Level 15.5 Stealth
 + Level 7.7 Spellcasting
 + Level 8.1 Hexes


You had 16 spell levels left.
You knew the following spells:

 Your Spells              Type           Power        Failure   Level  Hunger
a - Corona                Hex            #####..      1%          1    None
b - Ensorcelled Hibernat  Hex/Ice        ###...       3%          2    None
c - Confuse               Hex            #####...     1%          3    #......

Your spell library contained the following spells:

 Spells                   Type           Power        Failure   Level  Hunger
 Tukima's Dance           Hex            #####...     1%          3    #......
 Dazzling Spray           Conj/Hex       ###...       6%          3    #......


Dungeon Overview and Level Annotations

Branches:
Dungeon (1/1)

Altars:
Cheibriados
Dithmenos
Elyvilon
Fedhas
Gozag
Hepliaklqana
Kikubaaqudgha
Makhleb
Nemelex Xobeh
Okawaru
Qazlal
Ru
Sif Muna
Trog
Uskayaw
Vehumet
Wu Jian
Xom
Yredelemnul
Zin
The Shining One
Beogh
Jiyva
Lugonu


Innate Abilities, Weirdness & Mutations

You are very small and have problems with some larger weapons.
You are too small for most types of armour.
You have supernaturally acute eyesight. (SInv)
You are a herbivore.
You cover ground extremely quickly.
You need to consume almost no food.


Message History

Casting: Confuse (safe; 1% risk of failure)
Confirm with . or Enter, or press ? or * to list all spells.
Aiming: Confuse (safe; 1% risk of failure)
Press: ? - help, Shift-Dir - straight line, f/p - hornet
Aim: a hornet (umbra, chance to defeat MR: 55%)
The hornet resists with significant effort.
You feel yourself speed up. The hornet stings you!
* * * LOW HITPOINT WARNING * * *
You feel yourself slow down. The hornet closely misses you.
Casting: Confuse (safe; 1% risk of failure)
Confirm with . or Enter, or press ? or * to list all spells.
Aiming: Confuse (safe; 1% risk of failure)
Press: ? - help, Shift-Dir - straight line, f/p - hornet
Aim: a hornet (umbra, chance to defeat MR: 55%)
You miscast Confuse.
You are very lightly contaminated with residual magic.
Nothing appears to happen.
The hornet completely misses you. The hornet stings you!
You die...

.. ..# .. ####.#
.####..'.### ...#..#...####
###..#####..##$# )%%
+###.##..#..'.^#..#▓$?[!?![$
.##..##..#..#..#hh#▓!)=%?%![
<.'##.'..####..##y#▓$?$)???)
.##.†##....###..@##▓▓▓▓▓▓▓+
+###.##§.....≈≈≈≈≈≈≈≈≈≈≈≈≈.
###≈≈..§..≈#+########+###
#≈≈≈≈§≈≈..≈#.t._._._#§§§#
#≈≈≈≈§≈§≈.≈#_._._._.#t≈§§
#≈≈≈≈§≈§≈§§≈#._._._._#t§§§
≈≈≈≈≈≈≈§≈≈§≈§#_._._._.#§§§§§
+++#≈≈≈§§§≈≈≈#._._._..#§≈§§§
##≈≈≈###§≈#_._._...#§§≈§§t


You could see a polar bear, a hornet and a crocodile.

Vanquished Creatures
  3 shining eyes (D)
  A polar bear (D)
  3 soldier ants (D)
  4 worker ants (D)
11 creatures vanquished.

Notes
Turn   | Place    | Note
-------+----------+-------------------------------------------
     0 | D        | MuseOD the Spriggan Enchanter began the quest for the Orb.
     0 | D        | Reached XP level 1. HP: 9/9 MP: 5/5
     1 | D        | Noticed a worker ant
     1 | D        | Noticed a worker ant
     1 | D        | Noticed a worker ant
     1 | D        | Noticed a worker ant
     4 | D        | Killed a worker ant
     4 | D        | Reached skill level 6 in Stealth
     4 | D        | Reached XP level 2. HP: 15/15 MP: 6/6
     5 | D        | Reached skill level 5 in Short Blades
     5 | D        | Reached XP level 3. HP: 19/19 MP: 8/8
     9 | D        | Learned a level 2 spell: Ensorcelled Hibernation
    13 | D        | Learned a level 3 spell: Confuse
    15 | D        | Reached skill level 7 in Stealth
    15 | D        | Reached XP level 4. HP: 24/24 MP: 9/9
    17 | D        | Reached skill level 8 in Stealth
    20 | D        | Noticed a crocodile
    23 | D        | Found a glowing golden altar of the Shining One.
    23 | D        | Found an ornate altar of the Wu Jian Council.
    24 | D        | Found a shimmering altar of Xom.
    24 | D        | Found a sacrificial altar of Ru.
    34 | D        | Found a basalt altar of Yredelemnul.
    34 | D        | Found a deep blue altar of Sif Muna.
    34 | D        | Found a stormy altar of Qazlal.
    34 | D        | Found a viscous altar of Jiyva.
    35 | D        | Found a glowing silver altar of Zin.
    35 | D        | Found a bloodstained altar of Trog.
    35 | D        | Found an ancient bone altar of Kikubaaqudgha.
    36 | D        | Found a hide-covered altar of Uskayaw.
    36 | D        | Found a corrupted altar of Lugonu.
    36 | D        | Found a shadowy altar of Dithmenos.
    37 | D        | Found a radiant altar of Vehumet.
    37 | D        | Found a burning altar of Makhleb.
    37 | D        | Found a white marble altar of Elyvilon.
    38 | D        | Found a sparkling altar of Nemelex Xobeh.
    38 | D        | Found a blossoming altar of Fedhas.
    39 | D        | Found an iron altar of Okawaru.
    39 | D        | Found an opulent altar of Gozag.
    41 | D        | Found a hazy altar of Hepliaklqana.
    41 | D        | Found a snail-covered altar of Cheibriados.
    42 | D        | Found a roughly hewn altar of Beogh.
    44 | D        | Noticed a crocodile
    45 | D        | Noticed a crocodile
    48 | D        | Became a worshipper of Dithmenos the Shadowed
    54 | D        | Noticed a crocodile
    54 | D        | Noticed a flying skull
    54 | D        | Noticed a flying skull
    69 | D        | Noticed a shining eye
    69 | D        | Noticed a shining eye
    69 | D        | Noticed a shining eye
    71 | D        | Killed a shining eye
    71 | D        | Reached skill level 12 in Stealth
    71 | D        | Reached XP level 5. HP: 30/32 MP: 2/10
    71 | D        | Reached XP level 6. HP: 34/36 MP: 2/11
    73 | D        | Killed a shining eye
    73 | D        | Reached skill level 13 in Stealth
    73 | D        | Reached XP level 7. HP: 40/42 MP: 2/12
    74 | D        | Killed a shining eye
    74 | D        | Reached * piety under Dithmenos
    74 | D        | Reached skill level 14 in Stealth
    74 | D        | Reached skill level 5 in Spellcasting
    74 | D        | Reached XP level 8. HP: 44/46 MP: 2/17
    85 | D        | Reached ** piety under Dithmenos
    85 | D        | Reached skill level 15 in Stealth
    96 | D        | Noticed a yaktaur
    96 | D        | Noticed a hornet
    96 | D        | Noticed a polar bear
    97 | D        | Noticed a polar bear
    97 | D        | Noticed a polar bear
    98 | D        | Killed a polar bear
   105 | D        | Slain by a hornet

Skill      XL: |  1  2  3  4  5  6  7  8 |
---------------+-------------------------+-----
Fighting       | 2 3 6 7 |  7.0
Short Blades   | 4 5 6 11 12 | 12.7
Stealth        | 6 7 12 13 14 15 | 15.5
Spellcasting   | 5 7 |  7.7
Hexes          | 6 8 |  8.1
Dodging        | |  3.0

Action                   |  1- 3 |  4- 6 |  7- 9 || total
-------------------------+-------+-------+-------++-------
Melee: Dagger            |     3 |     3 |     6 ||    12
 Cast: Ensorcelled Hiber |       |     4 |       ||     4
       Confuse           |       |       |     2 ||     2
  Use: Potion            |       |       |     2 ||     2
 Stab: Sleeping          |     3 |     3 |     5 ||    11
Dodge: Dodged            |       |     4 |    10 ||    14
